 Dungeon Crawl Stone Soup version 0.27-a0-362-g8331d791d5 (webtiles) character file.

Game seed: 10075716494364243599

61250 ReteAZ the Warrior (level 14, 0/124 HPs)
             Began as a Demonspawn Ice Elementalist on Feb 15, 2021.
             Was an Initiate of Gozag.
             Killed from afar by a fire giant (19 damage)
             ... with a bolt of fire
             ... on level 12 of the Dungeon on Feb 16, 2021.
             The game lasted 01:06:32 (29696 turns).

ReteAZ the Warrior (Demonspawn Ice Elementalist)   Turns: 29696, Time: 01:06:32

Health: 0/124      AC: 18    Str: 11    XL:     14   Next: 59%
Magic:  5/21       EV: 19    Int: 18    God:    Gozag
Gold:   4719       SH:  5    Dex: 13    Spells: 11/23 levels left

rFire    + . .     SeeInvis .   I - +5 trident of Azxobly {protect, rF+ rC++ Int-2}
rCold    + + +     Faith    .   P - +0 buckler
rNeg     . . .     Spirit   .   Z - +2 ring mail of Pyoxor {*Contam Rampage rPois rC+++}
rPois    +         Reflect  .   K - +1 helmet
rElec    .         Harm     .   (no cloak)
rCorr    .         Rampage  +   O - +0 pair of gloves
Will     +....                  (boots unavailable)
Stlth    +.........             M - amulet of the acrobat
HPRegen  0.30/turn              x - +4 ring of evasion
MPRegen  0.17/turn              H - +4 ring of protection

@: gold aura, frozen ramparts
A: talons 3, slimy green scales 1, spiny 2, demonic magic 1
a: Renounce Religion, Potion Petition, Call Merchant, Bribe Branch


You were on level 12 of the Dungeon.
You worshipped Gozag.
Gozag was most pleased with you.
You visited 3 branches of the dungeon, and saw 19 of its levels.
You also visited: Gauntlet.

You collected 4821 gold pieces.
You paid 102 gold pieces to Gozag.

Inventory:

Hand Weapons
 b - a +1 spear
 I - the +5 trident of Azxobly (weapon) {protect, rF+ rC++ Int-2}
   (You found it on level 7 of the Dungeon)

   It grants its wielder temporary protection when it strikes (+7 to AC).
   It affects your intelligence (-2).
   It protects you from fire.
   It greatly protects you from cold.
 R - the +4 great sword "Tuoxzy" {speed, rElec rPois rF+ rC-}
   (You found it on level 3 of the Lair of Beasts)

   Attacks with this weapon are significantly faster.
   It protects you from fire.
   It makes you vulnerable to cold.
   It insulates you from electricity.
   It protects you from poison.
 V - the +8 whip "Snakebite" {curare, rPois}
   (You took it off a minotaur in a Gauntlet)

   It poisons the flesh of those it strikes.
   It protects you from poison.
 W - a +2 scythe of pain
Missiles
 J - 2 throwing nets
Armour
 n - a +0 tower shield
 A - a +1 leather armour of fire resistance
 K - a +1 helmet (worn)
 O - a +0 pair of gloves (worn)
 P - a +0 buckler (worn)
 Z - the +2 ring mail of Pyoxor (worn) {*Contam Rampage rPois rC+++}
   (You found it in a Gauntlet)

   It renders you almost immune to cold.
   It protects you from poison.
   It causes magical contamination when unequipped.
   It bestows one free step when moving towards enemies.
Jewellery
 a - a ring of magical power
 x - a +4 ring of evasion (left hand)
 z - a ring of ice
 G - a ring of willpower
 H - a +4 ring of protection (right hand)
 L - a ring of positive energy
 M - an amulet of the acrobat (around neck)
Wands
 g - a wand of polymorph (10)
 s - a wand of digging (5)
 u - a wand of flame (22)
 B - a wand of acid (2)
 E - a wand of iceblast (20)
 Q - a wand of charming (5)
 T - a wand of paralysis (5)
 X - a wand of mindburst (19)
Scrolls
 c - 5 scrolls of enchant weapon
 h - 6 scrolls of enchant armour
 i - 10 scrolls of identify
 k - a scroll of blinking
 l - a scroll of immolation
 q - a scroll of magic mapping
 t - 8 scrolls of teleportation
 D - 2 scrolls of fog
 F - 4 scrolls of amnesia
 S - a scroll of fear
Potions
 d - 4 potions of heal wounds
 e - 6 potions of attraction
 j - 2 potions of curing
 o - 2 potions of ambrosia
 p - 3 potions of berserk rage
 r - 3 potions of might
 v - 2 potions of flight {unknown}
 w - 6 potions of brilliance
 C - 3 potions of lignification
 U - a potion of invisibility
 Y - a potion of cancellation {unknown}
Miscellaneous
 f - a lightning rod (4/4)
 N - a box of beasts


   Skills:
 + Level 15.7 Fighting
 - Level 7.0 Armour
 + Level 11.0 Dodging
 - Level 1.7 Stealth
 - Level 4.0 Shields
 - Level 6.0 Unarmed Combat
 - Level 5.0 Spellcasting
 - Level 3.0 Conjurations
 - Level 7.0 Ice Magic
 - Level 5.0 Air Magic
 - Level 7.0 Poison Magic


You had 11 spell levels left.
You knew the following spells:

 Your Spells              Type           Power        Failure   Level
a - Freeze                Ice            100%         1%          1
b - Frozen Ramparts       Ice            58%          4%          3
c - Ozocubu's Armour      Ice            29%          4%          3
d - Poisonous Vapours     Pois/Air       52%          3%          2
e - Mephitic Cloud        Conj/Pois/Air  22%          11%         3

Your spell library contained the following spells:

 Spells                   Type           Power        Failure   Level
 Foxfire                  Conj/Fire      36%          16%         1
 Corpse Rot               Necr/Air       N/A          16%         2
 Spider Form              Tmut/Pois      8%           21%         3
 Beastly Appendage        Tmut           8%           28%         1
 Ignite Poison            Fire/Tmut/Pois 12%          32%         3
 Hailstorm                Conj/Ice       22%          34%         4
 Wereblood                Tmut           4%           38%         2
 Conjure Flame            Conj/Fire      9%           41%         3
 Stone Arrow              Conj/Erth      18%          41%         3
 Ice Form                 Ice/Tmut       17%          54%         4
 Summon Ice Beast         Ice/Summ       17%          54%         4
 Inner Flame              Hex/Fire       4%           63%         3
 Sticky Flame             Conj/Fire      9%           83%         4
 Animate Dead             Necr           2%           95%         4
 Fireball                 Conj/Fire      4%           99%         5
 Freezing Cloud           Conj/Ice/Air   11%          99%         6
 Blade Hands              Tmut           2%           100%        5
 Borgnjor's Vile Clutch   Necr/Erth      2%           100%        5
 Summon Forest            Summ/Tloc      2%           100%        5
 Death Channel            Necr           2%           100%        6
 Eringya's Noxious Bog    Tmut/Pois      8%           100%        6
 Hydra Form               Tmut           2%           100%        6
 Simulacrum               Ice/Necr       8%           100%        6
 Starburst                Conj/Fire      4%           100%        6
 Summon Hydra             Summ           2%           100%        7
 Ignition                 Fire           2%           100%        8


Dungeon Overview and Level Annotations

Branches:
Dungeon (12/15)            Temple (1/1) D:6            Lair (6/6) D:10
  Swamp (0/4) Lair:2       Spider (0/4) Lair:2        Slime (0/5) Lair:5
    Orc (0/2) D:12        Gauntlet (visited)

Altars:
Ashenzari
Cheibriados
Dithmenos
Elyvilon
Fedhas
Gozag
Hepliaklqana
Kikubaaqudgha
Makhleb
Nemelex Xobeh
Okawaru
Qazlal
Ru
Sif Muna
Trog
Uskayaw
Vehumet
Wu Jian
Xom
Yredelemnul
Zin
The Shining One
Jiyva

Shops:
D:10 =

Annotations:
D:3 3 runed translucent doors, Raphroland's ghost, amateur TeBe; highc0's ghost, amateur DEEn
D:9 3 runed translucent doors, exclusion: statue, Morbidden's ghost, novice DsNe


Innate Abilities, Weirdness & Mutations

You have claws for feet.
You are partially covered in slimy green scales. (AC +2)
You are mostly covered in sharp spines.
Spells you cast may paralyse adjacent enemies.


Message History

The wall freezes the worker ant!
The worker ant is no longer distracted by gold.
The wall freezes the fire giant.
The fire giant is no longer distracted by gold.
The fire giant becomes distracted by the nearby gold, dreaming of imaginary riches.
Casting: Frozen Ramparts (mildly dangerous; 4% risk of failure)
Confirm with . or Enter, or press ? or * to list all spells.
A film of ice covers your body! Malevolent energies surge around you.
The fire giant shouts!
The wall freezes the worker ant.
The wall freezes the fire giant.
The fire giant is no longer distracted by gold.
The fire giant becomes distracted by the nearby gold, dreaming of imaginary riches.
The worker ant becomes distracted by the nearby gold, dreaming of imaginary riches.
The +8 whip "Snakebite" {curare, rPois} stops dripping with poison.
You feel stupid.
The +5 trident of Azxobly {protect, rF+ rC++ Int-2} hums with potential!
I - the +5 trident of Azxobly (weapon)
{protect, rF+ rC++ Int-2} The fire giant is no longer distracted by gold.
The wall freezes the worker ant.
You kill the worker ant!
The wall freezes the fire giant!
The fire giant shouts!
The fire giant casts a spell at you. The bolt of fire hits you! You resist.
* * * LOW HITPOINT WARNING * * *
The bolt of fire hits the worker ant!!
The worker ant dies!
The heat melts your icy armour.
Reach: I) +5 trident of Azxobly {protect, rF+ rC++ Int-2}
Press: ? - help, Dir - move target, f - fire giant
Aim: a fire giant, wielding a +2 great sword of flaming (lightly wounded, about 14% to evade the +5 trident of Azxobly)
You reach to attack!
You completely miss the fire giant.
The fire giant is lightly wounded.
The wall freezes the fire giant!
The fire giant gestures at you while chanting.
The bolt of fire hits you!!
Your icy armour melts away.
You resist.
You die...
Your body crumbles into a pile of gold.

###### ###....# #......# #.###..#
##.#[#..#
******################..###..####
,,,,,,.......$C$@..$$..$$........
,,,,,,........#############......
******#######(# #.$....
******#######.# #......
,,,,,,........###########*#JJ....
,,,,,,...........................
,,,,,,..........................c
,*****#####......................
,* #......................


You could see a fire giant.

Vanquished Creatures
  A fire giant (D:12)
  Nessos (D:12)
  A minotaur (Gauntlet)
  A yaktaur captain (D:11)
  Fannar (D:12)
  Harold (D:7)
  3 boulder beetles
  7 hydras
  2 catoblepae (Lair:3)
  2 two-headed ogres (D:8)
  A death yak (Lair:3)
  A queen ant (Lair:3)
  3 skeletal warriors (D:11)
  An unseen horror (D:8)
  2 bog bodies (Lair:2)
  2 ugly things (D:11)
  2 manticores
  A cyclops (D:8)
  6 elephants
  Joseph (D:7)
  A torpor snail (Lair:3)
  3 black mambas
  A gargoyle (D:11)
  2 ice statues (Gauntlet)
  A hellion (Gauntlet)
  16 cane toads
  12 rime drakes
  10 komodo dragons
  A tengu conjurer (D:11)
  4 trolls
  2 hornets
  A polar bear (Lair:5)
  21 blink frogs
  6 slime creatures (D:12)
  Prince Ribbit (D:8)
  A dream sheep (Lair:3)
  9 wyverns
  30 yaks
  4 redbacks (Lair:2)
  A shadow (D:11)
  2 wraiths
  4 basilisks
  4 swamp worms (Lair:2)
  Menkaure (D:4)
  12 soldier ants (Lair:3)
  A hell hound (Gauntlet)
  9 water moccasins
  Duvessa (D:7)
  2 ice beasts
  5 orc warriors
  4 black bears
  5 sky beasts
  3 ogres
  7 centaurs
  8 wolves (Lair:4)
  A phantom (D:7)
  14 bullfrogs
  Blork the orc (D:4)
  5 kobold brigands
  A wyvern zombie (D:10)
  Dowan (D:7)
  2 scorpions
  9 killer bees (D:8)
  15 wights
  8 howler monkeys
  4 electric eels
  A centaur zombie (D:11)
  3 jellies
  4 bullfrog zombies
  9 orc priests
  10 hounds
  A bullfrog skeleton (D:6)
  2 centaur skeletons
  41 worker ants
  6 iguanas
  13 orc wizards
  A killer bee zombie (D:8)
  A hound zombie (D:8)
  17 adders
  3 white imps
  4 ufetubi
  7 worms
  3 dart slugs
  5 leopard geckos
  45 orcs
  7 giant cockroaches
  5 goblins
  A hobgoblin (D:1)
  13 jackals
  4 quokkas
  2 ball pythons (D:2)
  6 bats
  7 frilled lizards
  A giant cockroach zombie (D:5)
  A jackal zombie (D:5)
  36 kobolds
  A leopard gecko skeleton (D:6)
  9 rats
  A spectral orc (D:6)
  A butterfly (Lair:6)
567 creatures vanquished.

Vanquished Creatures (others)
  A worker ant (D:12)
  An orc (D:7)
  20 fungi
  48 plants
  19 withered plants (Gauntlet)
89 creatures vanquished.

Grand Total: 656 creatures vanquished

Notes
Turn   | Place    | Note
-------+----------+-------------------------------------------
     0 | D:1      | ReteAZ the Demonspawn Ice Elementalist began the quest for
                  | the Orb.
     0 | D:1      | Reached XP level 1. HP: 13/13 MP: 3/3
   187 | D:1      | Gained mutation: You are partially covered in slimy green
                  | scales. (AC +2) [demonic ancestry]
   187 | D:1      | Reached XP level 2. HP: 9/19 MP: 3/5
   681 | D:1      | Reached XP level 3. HP: 23/24 MP: 0/6
   766 | D:1      | Learned a level 3 spell: Frozen Ramparts
  1245 | D:2      | Noticed an ogre
  1267 | D:2      | Killed an ogre
  1268 | D:2      | Reached skill level 5 in Ice Magic
  1268 | D:2      | Gained mutation: You have sharp toenails. [demonic
                  | ancestry]
  1268 | D:2      | Reached XP level 4. HP: 27/30 MP: 1/8
  1272 | D:2      | Learned a level 3 spell: Ozocubu's Armour
  1410 | D:2      | Reached XP level 5. HP: 31/35 MP: 9/9
  2579 | D:3      | Found a runed translucent gate.
  2585 | D:3      | Found a runed translucent gate.
  2586 | D:3      | Found a runed translucent gate.
  2589 | D:3      | Noticed Raphroland's ghost (amateur TeBe)
  2589 | D:3      | Noticed highc0's ghost (amateur DEEn)
  3260 | D:3      | Reached XP level 6. HP: 29/41 MP: 7/11
  3437 | D:3      | Found a faded altar of an unknown god.
  4197 | D:4      | Noticed Menkaure
  4215 | D:4      | Killed Menkaure
  4216 | D:4      | Reached XP level 7. HP: 17/46 MP: 7/13
  4516 | D:4      | Noticed Blork the orc
  4529 | D:4      | Killed Blork the orc
  4648 | D:4      | Found a faded altar of an unknown god.
  4648 | D:4      | Found a shadowy altar of Dithmenos.
  4656 | D:4      | Reached skill level 5 in Spellcasting
  4670 | D:4      | Found a burning altar of Makhleb.
  4672 | D:4      | Found an ancient bone altar of Kikubaaqudgha.
  4674 | D:4      | Found a faded altar of an unknown god.
  4796 | D:4      | Reached skill level 2 in Fighting
  5212 | D:5      | Entered Level 5 of the Dungeon
  5345 | D:5      | Reached skill level 3 in Fighting
  5829 | D:5      | Reached skill level 4 in Fighting
  5829 | D:5      | Gained mutation: Spells you cast may paralyse adjacent
                  | enemies. [demonic ancestry]
  5829 | D:5      | Reached XP level 8. HP: 26/60 MP: 12/15
  6559 | D:6      | Reached skill level 5 in Fighting
  6715 | D:6      | Reached skill level 6 in Fighting
  7043 | D:6      | Reached skill level 7 in Fighting
  7324 | D:6      | Found a basalt altar of Yredelemnul.
  7538 | D:6      | Found a staircase to the Ecumenical Temple.
  7548 | D:6      | Reached skill level 8 in Fighting
  7563 | Temple   | Entered the Ecumenical Temple
  7831 | Temple   | Became a worshipper of Gozag Ym Sagoz the Greedy
  7852 | D:6      | Learned a level 2 spell: Poisonous Vapours
  8073 | D:6      | Found a glowing golden altar of the Shining One.
  8418 | D:7      | Gained mutation: You are partially covered in sharp spines.
                  | [demonic ancestry]
  8418 | D:7      | Reached XP level 9. HP: 74/74 MP: 12/16
  8467 | D:7      | Reached skill level 1 in Air Magic
  8467 | D:7      | Reached skill level 1 in Poison Magic
  8539 | D:7      | Noticed Joseph
  8554 | D:7      | Killed Joseph
  8921 | D:7      | Got an iridescent trident
  8922 | D:7      | Identified the +5 trident of Azxobly {protect, rF+ rC++
                  | Int-2} (You found it on level 7 of the Dungeon)
  9015 | D:7      | Noticed Duvessa
  9015 | D:7      | Noticed Dowan
  9021 | D:7      | Killed Duvessa
  9022 | D:7      | Killed Dowan
  9083 | D:7      | Noticed Harold
  9099 | D:7      | Killed Harold
  9100 | D:7      | Reached skill level 9 in Fighting
  9274 | D:7      | Learned a level 3 spell: Mephitic Cloud
  9535 | D:7      | Reached XP level 10. HP: 83/83 MP: 17/17
  9743 | D:8      | Reached skill level 1 in Conjurations
 10027 | D:8      | Reached skill level 5 in Poison Magic
 10155 | D:8      | Found a hide-covered altar of Uskayaw.
 10275 | D:8      | Noticed an eight-headed hydra
 10331 | D:8      | Noticed a two-headed ogre
 10339 | D:8      | Killed a two-headed ogre
 10340 | D:8      | Reached skill level 10 in Fighting
 10340 | D:8      | Reached skill level 5 in Air Magic
 10456 | D:8      | Noticed Prince Ribbit
 10463 | D:8      | Killed Prince Ribbit
 10809 | D:8      | Reached skill level 11 in Fighting
 11423 | D:8      | Killed an eight-headed hydra
 11728 | D:8      | Found a shimmering blue altar of Sif Muna.
 11823 | D:8      | Reached skill level 12 in Fighting
 11958 | D:8      | Gained mutation: You have razor-sharp toenails. [demonic
                  | ancestry]
 11958 | D:8      | Reached XP level 11. HP: 87/95 MP: 18/18
 11960 | D:8      | Killed an unseen horror
 11961 | D:8      | Reached skill level 1 in Armour
 12162 | D:8      | Noticed a two-headed ogre
 12173 | D:8      | Killed a two-headed ogre
 12335 | D:8      | Got a brightly glowing scale mail
 12346 | D:8      | Identified the +4 scale mail "Plog" {rF+ rN+ Will- Slay+2}
                  | (You found it on level 8 of the Dungeon)
 12362 | D:8      | Upgraded the game from 0.27-a0-345-g7370b58738 to
                  | 0.27-a0-362-g8331d791d5
 12715 | D:9      | Found a runed translucent gate.
 12715 | D:9      | Found a runed translucent gate.
 12716 | D:9      | Found a runed translucent gate.
 12720 | D:9      | Noticed Morbidden's ghost (novice DsNe)
 12721 | D:9      | Noticed a wolf spider
 12837 | D:9      | You fall into a shaft and drop 2 floors!
 13069 | D:11     | Reached skill level 5 in Dodging
 13273 | D:11     | Noticed a boulder beetle
 13284 | D:11     | Killed a boulder beetle
 13397 | D:11     | Noticed a yaktaur captain
 13770 | D:11     | Found a shadowy altar of Dithmenos.
 13812 | D:10     | Entered Level 10 of the Dungeon
 13812 | D:10     | Found Zosyaf's Jewellery Emporium.
 14233 | D:9      | Found a radiant altar of Vehumet.
 15355 | D:10     | Found a staircase to the Lair.
 15535 | D:11     | Reached skill level 1 in Shields
 15680 | D:11     | Noticed a skeletal warrior
 15735 | D:11     | Noticed a brown ugly thing
 15748 | D:11     | Killed a brown ugly thing
 16267 | Lair:1   | Entered Level 1 of the Lair of Beasts
 16276 | Lair:1   | Reached XP level 12. HP: 75/102 MP: 13/19
 16510 | Lair:1   | Found a sacrificial altar of Ru.
 16578 | Lair:1   | Noticed a six-headed hydra
 16587 | Lair:1   | Killed a six-headed hydra
 17331 | Lair:2   | Reached skill level 5 in Armour
 18267 | Lair:2   | Found a hole to the Spider Nest.
 18884 | Lair:2   | Found a staircase to the Swamp.
 19224 | Lair:3   | Noticed a queen ant
 19269 | Lair:3   | Killed a queen ant
 19527 | Lair:3   | Got a steaming great sword
 19535 | Lair:3   | Identified the +4 great sword "Tuoxzy" {speed, rElec rPois
                  | rF+ rC-} (You found it on level 3 of the Lair of Beasts)
 19626 | Lair:3   | You fall into a shaft and drop 2 floors!
 19677 | Lair:5   | Reached skill level 10 in Dodging
 19679 | Lair:5   | Gained mutation: You have claws for feet. [demonic
                  | ancestry]
 19679 | Lair:5   | Reached XP level 13. HP: 100/108 MP: 11/20
 20562 | Lair:4   | Reached skill level 13 in Fighting
 21139 | Lair:5   | Found a staircase to the Slime Pits.
 21139 | Lair:5   | Found a viscous altar of Jiyva.
 22063 | Lair:6   | Entered Level 6 of the Lair of Beasts
 22236 | Lair:6   | Reached skill level 14 in Fighting
 22269 | Lair:6   | Reached skill level 1 in Unarmed Combat
 24517 | Lair:3   | Gained mutation: You are mostly covered in sharp spines.
                  | [demonic ancestry]
 24517 | Lair:3   | Reached XP level 14. HP: 69/121 MP: 1/21
 24811 | Lair:3   | Reached skill level 5 in Unarmed Combat
 25659 | Lair:3   | Reached skill level 15 in Fighting
 27798 | D:12     | Noticed Fannar
 27840 | D:12     | Noticed a fire giant
 27840 | D:12     | Killed Fannar
 28017 | D:12     | Found a gate leading to a gauntlet.
 28027 | Gauntlet | Entered a Gauntlet
 28027 | Gauntlet | Found a transporter.
 28027 | Gauntlet | Found a transporter.
 28089 | Gauntlet | Found a transporter.
 28089 | Gauntlet | Found a transporter.
 28092 | Gauntlet | Found a transporter.
 28092 | Gauntlet | Found a transporter.
 28102 | Gauntlet | Found a transporter.
 28106 | Gauntlet | Found a transporter.
 28116 | Gauntlet | Found a transporter.
 28217 | Gauntlet | Found a transporter.
 28221 | Gauntlet | Found a transporter.
 28231 | Gauntlet | Found a transporter.
 28779 | Gauntlet | Got a twisted ring mail
 28790 | Gauntlet | Identified the +2 ring mail of Pyoxor {*Contam Rampage
                  | rPois rC+++} (You found it in a Gauntlet)
 29650 | D:12     | Noticed Nessos
 29674 | D:12     | Killed Nessos
 29685 | D:12     | Noticed a fire giant
 29691 | D:12     | Killed a fire giant
 29696 | D:12     | Killed from afar by a fire giant

Illustrated notes

Levels and vault maps discovered:
D:1:      eino_arrival_water_cross, layout_rooms, minmay_pentomino_u4
D:2:      layout_basic
D:3:      layout_basic, chequers_ecumenical_altar_lobes,
          gammafunk_ghost_cemetery, serial_corexii_hall,
          corexii_hall_statues_deadend, corexii_hall_statues_l,
          chequers_hall_statues_corner_a, corexii_hall_statues_l
D:4:      layout_basic, chequers_temple_overflow_minitemple,
          chequers_serial_rivers_small_b, uniq_menkaure, uniq_blork_the_orc
D:5:      layout_basic
D:6:      layout_loops_ring, nicolae_tso_swordbearing_angel,
          yredelemnul_forgotten_temple_becter, minmay_temple_entry_offerings,
          kennysheep_generic_room_6
D:7:      layout_gridville, serial_rivers, chequers_serial_rivers_marsh,
          chequers_serial_rivers_room_b, chequers_serial_rivers_large_b,
          chequers_serial_rivers_large_a, minmay_misc_feat_diagonals,
          kennysheep_generic_room_4, uniq_harold, uniq_joseph, uniq_duvessa
D:8:      minmay_the_grid_octo_triangle [minmay_the_grid_octo_thin_diamonds,
          minmay_the_grid_octo_prize_square_snowflake,
          minmay_the_grid_octo_chip], layout_basic, led_sif_book,
          lemuel_coloured_pillars_altar, uniq_prince_ribbit1
D:9:      layout_big_octagon, vehumet_statue, serial_glass, glass_columns_a,
          glass_columns_a, gammafunk_ghost_split
D:10:     layout_cave_pools, lair_entry_dummy, serial_shops,
          nicolae_shop_waterfront
D:11:     minmay_blocky_corners, layout_loops_cross, basic_altar,
          nicolae_sextant
D:12:     minmay_glassy_protrusions, layout_long_grid, erik_orc_1,
          gauntlet_entry_generic, item_on_display_a, uniq_fannar, uniq_nessos
Temple:   eino_temple_water
Lair:1:   layout_long_grid, basic_altar
Lair:2:   layout_small_grid, nicolae_swamp_entry_splash_gauntlet,
          spider_nest_entry_webs, minivault_23, grunt_megastairs_3,
          serial_bayou_shore_b
Lair:3:   nzn_winding_woodlands_large [nzn_winding_woodlands_5x5_perimeter,
          nzn_winding_woodlands_5x15_split_checker,
          nzn_winding_woodlands_5x5_three,
          nzn_winding_woodlands_center_pierced_h,
          nzn_winding_woodlands_15x15_eel_pit,
          nzn_winding_woodlands_center_lodge,
          nzn_winding_woodlands_5x5_closed_star,
          nzn_winding_woodlands_5x15_pathside_ponds,
          nzn_winding_woodlands_5x5_checkerboard], layout_chaotic_city,
          zaba_anthell
Lair:4:   layout_misc_corridors, serial_bayou_shore_b, serial_bayou_shore_b
Lair:5:   layout_hall_layers, slime_altar_1, serial_bayou_pond_c
Lair:6:   due_jungle_book, layout_misc_corridors, infiniplex_staircase_pool,
          lemuel_fruit_fields

Skill      XL: |  1  2  3  4  5  6  7  8  9 10 11 12 13 14 |
---------------+-------------------------------------------+-----
Ice Magic      | 4 5 6 7 |  7.0
Spellcasting   | 3 4 5 |  5.0
Fighting       | 4 8 9 12 14 15 | 15.7
Air Magic      | 4 5 |  5.0
Poison Magic   | 4 5 6 7 |  7.0
Conjurations   | 3 |  3.0
Dodging        | 2 7 10 11 | 11.0
Armour         | 4 6 7 |  7.0
Shields        | 1 4 |  4.0
Unarmed Combat | 4 6 |  6.0
Stealth        | |  1.7

Action                   |  1- 3 |  4- 6 |  7- 9 | 10-12 | 13-15 || total
-------------------------+-------+-------+-------+-------+-------++-------
Melee: Spear             |    18 |       |       |       |       ||    18
       Short sword       |    37 |    46 |       |       |       ||    83
       Kick              |       |    21 |    62 |   122 |   157 ||   362
       Scimitar          |       |    38 |       |       |       ||    38
       Dagger            |       |    33 |   214 |       |       ||   247
       Trident           |       |       |    31 |   580 |   537 ||  1148
       Whip              |       |       |       |       |    32 ||    32
       Great sword       |       |       |       |       |    22 ||    22
       Unarmed           |       |       |       |       |    17 ||    17
 Cast: Freeze            |    29 |       |       |       |    15 ||    44
       Frozen Ramparts   |     3 |    15 |    25 |    48 |    44 ||   135
       Ozocubu's Armour  |       |     3 |    11 |    28 |    28 ||    70
       Poisonous Vapours |       |       |     9 |    51 |    70 ||   130
       Mephitic Cloud    |       |       |       |     1 |     4 ||     5
Evoke: Wand              |       |       |       |     6 |     3 ||     9
  Use: Potion            |       |       |     2 |       |     5 ||     7
       Scroll            |       |       |     1 |    22 |     2 ||    25
 Stab: Sleeping          |     2 |     4 |     1 |     4 |     2 ||    13
       Paralysed         |       |       |     4 |    37 |    42 ||    83
       Distracted        |       |       |     2 |     2 |     1 ||     5
       Confused          |       |       |       |       |     1 ||     1
       Petrified         |       |       |       |       |     1 ||     1
Armor: Robe              |    33 |    20 |     2 |       |       ||    55
       Ring mail         |       |       |    29 |       |    18 ||    47
       Leather armour    |       |       |    29 |   140 |   150 ||   319
Dodge: Dodged            |    55 |    55 |   132 |   455 |   492 ||  1189
Block: Buckler           |       |       |       |    37 |   120 ||   157
       Rpst.: Scimitar   |       |    11 |       |       |       ||    11
       Great sword       |       |       |       |       |     3 ||     3

Table legend: (Time is in decaauts)
 A = Elapsed time spent in this place.
 B = Non-inter-level travel time spent in this place.
 C = Inter-level travel time spent in this place.
 D = Time resting spent in this place.
 E = Time spent auto-exploring this place.
 F = Levels seen in this place.
 G = Mean time per level.
                   A        B        C        D        E       F      G
               +--------+--------+--------+--------+--------+-----+--------+
         Total |  30152 |  29240 |    912 |   6369 |  16740 |  20 | 1507.6 |
       Dungeon |  18445 |  17726 |    719 |   4174 |   9743 |  12 | 1537.1 |
        Temple |    284 |    269 |     15 |      0 |    203 |   1 |  284.0 |
          Lair |   9874 |   9697 |    177 |   1357 |   6585 |   6 | 1645.7 |
      Gauntlet |   1547 |   1547 |      0 |    838 |    208 |   1 | 1547.0 |
               +--------+--------+--------+--------+--------+-----+--------+

Top non-repeatable levels by time:
    D:11: 2995 daAuts
     D:8: 2990 daAuts
  Lair:3: 2694 daAuts
     D:4: 1956 daAuts
  Lair:2: 1853 daAuts
  Lair:6: 1705 daAuts
    D:10: 1621 daAuts
     D:6: 1561 daAuts
Gauntlet: 1547 daAuts
  Lair:4: 1480 daAuts
     D:7: 1471 daAuts
     D:2: 1404 daAuts
     D:3: 1170 daAuts
  Lair:1: 1088 daAuts
     D:9: 1073 daAuts
